 Dungeon Crawl Stone Soup version 0.26.1-11-gd32895ea62 (webtiles) character file.

Game seed: 9484626014822738989

312 SBUDELSKY the Shield-Bearer (level 6, -7/48 HPs)
             Began as a Human Fighter on July 12, 2021.
             Was a Follower of the Shining One.
             Mangled by Pikel
             ... wielding a +1 whip of electrocution
              (16 damage)
             ... on level 4 of the Dungeon.
             The game lasted 00:40:11 (3112 turns).

SBUDELSKY the Shield-Bearer (Human Fighter)         Turns: 3112, Time: 00:40:11

Health: -7/48      AC: 15    Str: 17    XL:     6   Next: 70%
Magic:  6/6        EV:  3    Int:  9    God:    the Shining One [*.....]
Gold:   134        SH: 14    Dex: 13    Spells: 5/5 levels left

rFire    + . .     SeeInvis .   E - +3 spear
rCold    . . .     Faith    .   c - +0 kite shield
rNeg     . . .     Spirit   .   F - +0 plate armour
rPois    .         Reflect  +   (no helmet)
rElec    .         Harm     .   k - +1 cloak
rCorr    .         Rampage  .   (no gloves)
Will     .....                  p - +0 pair of boots
Stlth    ..........             L - amulet of reflection
HPRegen  0.16/turn              M - ring of protection from fire
MPRegen  0.10/turn              (no ring)

@: mighty, glowing
A: no striking features
a: Renounce Religion


You were on level 4 of the Dungeon.
You worshipped the Shining One.
The Shining One was aware of your devotion.
You visited 1 branch of the dungeon, and saw 5 of its levels.

You collected 134 gold pieces.

Inventory:

Hand Weapons
 a - a +0 rapier
 o - a +0 dagger of draining
 B - a +0 short sword
 E - a +3 spear (weapon)
 H - a +2 dagger of pain
 K - a +0 whip
 N - a +0 dagger
 O - a +0 short sword
 P - a +0 hand axe
 Q - a +0 dagger
 S - a +0 falchion
 U - a +0 whip
Missiles
 g - 68 arrows
 n - 215 stones (quivered)
 z - 2 boomerangs
 G - 24 sling bullets
 J - 7 poisoned darts
Armour
 b - a +0 scale mail
 c - a +0 kite shield (worn)
 e - a +0 chain mail
 f - a +0 ring mail
 h - a +0 leather armour
 k - a +1 cloak (worn)
 l - a +0 ring mail
 m - a +0 cloak
 p - a +0 pair of boots (worn)
 r - a +0 pair of gloves
 s - a +0 ring mail
 y - a +0 ring mail
 C - a +0 ring mail
 F - a +0 plate armour (worn)
 I - a +0 robe
 R - a +0 robe
 T - a +0 buckler
Jewellery
 L - an amulet of reflection (around neck)
 M - a ring of protection from fire (left hand)
Wands
 d - a wand of iceblast (9)
Scrolls
 j - 5 scrolls of identify
 x - 3 scrolls of remove curse
 V - a scroll of magic mapping {unknown}
Potions
 i - 2 potions of mutation
 q - a potion of invisibility {unknown}
 t - 2 potions of cancellation
 u - a potion of might
 v - a potion of degeneration {unknown}
 A - a potion of haste


   Skills:
 + Level 4.0 Fighting
 + Level 3.3 Short Blades
 + Level 1.8 Polearms
 + Level 4.1 Armour
 + Level 0.3 Dodging
 + Level 0.4 Stealth
 + Level 4.3 Shields


You had 5 spell levels left.
You didn't know any spells.
Your spell library was empty.

Dungeon Overview and Level Annotations

Branches:
Dungeon (5/15)
 Temple: D:4-7

Altars:
Ashenzari
Hepliaklqana
Kikubaaqudgha
Wu Jian
The Shining One

Annotations:
D:4 Pikel


Message History

You hit Pikel.
Pikel is moderately wounded.
Pikel barely misses you.
You hit Pikel but do no damage.
Pikel is moderately wounded.
You hear the brisk hiss of a very distant avalanche of sand.
Pikel hits you but does no damage.
You are electrocuted!
You barely miss Pikel.
Pikel is moderately wounded.
You block Pikel's attack.
You feel very mighty all of a sudden.
Pikel says, "You'll make a fine lemure."
Pikel hits you with a +1 whip of electrocution.
* * * LOW HITPOINT WARNING * * *
You hit Pikel.
Pikel is heavily wounded.
Pikel hits you with a +1 whip of electrocution.
* * * LOW HITPOINT WARNING * * *
You are electrocuted!
You die...

.. .......... #.........
################........
.......@K55#..P≈........
##########l#..≈≈≈..##...
#.5l≈≈≈≈...#...
#55).≈≈≈.......
#....≈≈≈.....>.
#.....≈........
#....#........)
#..............
#...##.........


You could see Pikel, 2 lemures and an iguana.

Vanquished Creatures
  A lemure (D:4)
  2 vampire bats (D:2)
  A bullfrog skeleton (D:5)
  A centaur skeleton (D:3)
  An orc wizard (D:3)
  A worker ant (D:4)
  5 adders
  An ooze (D:2)
  2 worms (D:2)
  A leopard gecko (D:5)
  6 orcs
  8 bats
  5 bat skeletons (D:2)
  A bat zombie (D:2)
  3 giant cockroaches
  4 goblins
  4 hobgoblins
  2 jackals (D:2)
  2 quokkas (D:2)
  A ball python (D:1)
  12 frilled lizards
  4 kobolds
  A rat (D:2)
69 creatures vanquished.

Notes
Turn   | Place    | Note
-------+----------+-------------------------------------------
     0 | D:1      | SBUDELSKY the Human Fighter began the quest for the Orb.
     0 | D:1      | Reached XP level 1. HP: 18/18 MP: 1/1
   329 | D:1      | Reached XP level 2. HP: 24/24 MP: 2/2
   869 | D:2      | Reached XP level 3. HP: 18/29 MP: 3/3
  1640 | D:2      | Found a broken altar of Ashenzari.
  1713 | D:2      | Reached XP level 4. HP: 35/35 MP: 4/4
  1748 | D:2      | Found a glowing golden altar of the Shining One.
  1748 | D:2      | Found an ornate altar of the Wu Jian Council.
  1752 | D:2      | Found a hazy altar of Hepliaklqana.
  1916 | D:2      | Became a worshipper of the Shining One
  2028 | D:2      | Found an ancient bone altar of Kikubaaqudgha.
  2035 | D:2      | Reached XP level 5. HP: 41/41 MP: 5/5
  2041 | D:2      | Reached * piety under the Shining One
  2461 | D:3      | Reached skill level 1 in Polearms
  2461 | D:3      | Reached XP level 6. HP: 48/48 MP: 6/6
  2778 | D:3      | You fall into a shaft and drop 1 floor!
  2820 | D:4      | Noticed Pikel
  2882 | D:5      | Entered Level 5 of the Dungeon
  3112 | D:4      | Mangled by Pikel

Illustrated notes

Levels and vault maps discovered:
D:1:      lightli_molten_gateway, layout_loops_ring
D:2:      layout_rooms, kennysheep_vampire_church, lemuel_round_altar,
          gammafunk_temple_overflow_forgotten, serial_curves, eino_curves_01,
          eino_curves_03, minmay_strange_pillars
D:3:      layout_rooms
D:4:      layout_cave_pools, nicolae_ossuary_entry_plus, serial_undead,
          serial_undead_d, serial_undead_e, serial_undead_f, serial_undead_b,
          serial_undead_e, serial_undead_c, serial_undead_f, minivault_5,
          uniq_pikel
D:5:      layout_basic, minmay_temple_entry_ruins

Skill      XL: |  1  2  3  4  5  6 |
---------------+-------------------+-----
Short Blades   | 3 |  3.3
Polearms       | 1 |  1.8
Armour         | 4 |  4.1
Shields        | 4 |  4.3
Fighting       | 4 |  4.0
Dodging        | |  0.3
Stealth        | |  0.4

Action                   |  1- 3 |  4- 6 || total
-------------------------+-------+-------++-------
Melee: Rapier            |   145 |       ||   145
       Spear             |     3 |   144 ||   147
  Use: Scroll            |     3 |     1 ||     4
       Potion            |     1 |     7 ||     8
Armor: Chain mail        |    88 |       ||    88
       Plate armour      |     2 |   151 ||   153
Dodge: Dodged            |    30 |    25 ||    55
Block: Kite shield       |    80 |   157 ||   237
